 Dungeon Sprint DCSS version 0.27-a0-1248-g57ac2eb73c (webtiles) character file.

Game seed: 4434641766357797582

376 27snakeeyes612 the Carver (level 6, -9/67 HPs)
             Began as a Minotaur Berserker on June 10, 2021.
             Was an Elder of Trog.
             Mangled by an orc warrior
             ... wielding a +0 glaive
              (15 damage)
             ... in the Dungeon (Sprint IX: "|||||||||||||||||||||||||||||").
             The game lasted 00:00:46 (201 turns).

27snakeeyes612 the Carver (Minotaur Berserker)       Turns: 201, Time: 00:00:47

Health: -9/67      AC: 12    Str: 23    XL:     6   Next: 44%
Magic:  5/5        EV:  8    Int:  4    God:    Trog [****..]
Gold:   0          SH:  0    Dex: 10    Spells: 5/5 levels left

rFire    . . .     SeeInvis .   p - +2 scimitar (freeze)
rCold    . . .     Faith    .   (no shield)
rNeg     . . .     Spirit   .   m - +0 plate armour
rPois    .         Reflect  .   (helmet restricted)
rElec    .         Harm     .   (no cloak)
rCorr    .         Rampage  .   (no gloves)
Will     ++...     NoTele   +   (no boots)
Stlth    ..........             (no amulet)
HPRegen  1.21/turn              (no ring)
MPRegen  0.09/turn              (no ring)

@: strong-willed, on berserk cooldown, regenerating, slowed, very slow
A: horns 2, retaliatory headbutt
a: Renounce Religion, Berserk, Trog's Hand, Brothers in Arms


You were in the Dungeon.
You worshipped Trog.
Trog was greatly pleased with you.
You visited 1 branch

Inventory:

Hand Weapons
 a - a +0 falchion
 o - a +2 morningstar of protection
 p - a +2 scimitar of freezing (weapon)
Armour
 b - a +0 animal skin
 m - a +0 plate armour (worn)
 n - a +0 helmet
Jewellery
 k - a +3 ring of intelligence
 l - a +2 ring of protection
Wands
 j - a wand of iceblast (10)
Scrolls
 h - 2 scrolls of blinking
Potions
 c - 5 potions of curing
 d - 3 potions of heal wounds
 e - a potion of haste
 f - 4 potions of magic
 g - a potion of berserk rage
 i - a potion of invisibility


   Skills:
 + Level 10.6 Fighting
 + Level 11.4 Long Blades
 + Level 5.2 Armour
 + Level 5.4 Dodging


You had 5 spell levels left.
You didn't know any spells.
Your spell library was empty.

Dungeon Overview and Level Annotations

Branches:
Dungeon (1/1)

Altars:
Cheibriados
Dithmenos
Elyvilon
Fedhas
Gozag
Hepliaklqana
Kikubaaqudgha
Makhleb
Nemelex Xobeh
Okawaru
Qazlal
Ru
Sif Muna
Trog
Uskayaw
Vehumet
Wu Jian
Xom
Yredelemnul
Zin
The Shining One
Beogh
Jiyva
Lugonu


Innate Abilities, Weirdness & Mutations

You have a pair of horns on your head.
You reflexively headbutt those who attack you in melee.


Message History

You kill the orc warrior!
Trog accepts your kill.
You are no longer berserk.
You are exhausted.
You feel yourself slow down. The orc warrior barely misses you.
Your Fighting skill increases to level 10!
Your Long Blades skill increases to level 11!
Your Armour skill increases to level 5!
The orc warrior hits you with a +0 glaive!!
Things that are here:
a +0 dire flail; a +0 plate armour You hit the orc warrior but do no damage.
The orc warrior hits you with a +0 glaive.
You barely miss the orc warrior.
The orc warrior hits you with a +0 glaive!
* * * LOW HITPOINT WARNING * * *
The orc warrior completely misses you.
You barely miss the orc warrior.
You headbutt the orc warrior, but do no damage.
The orc warrior closely misses you.
Your plate armour prevents you from hitting the orc warrior.
The orc wizard mumbles some strange words.
The orc wizard flickers and vanishes!
Deactivating autopickup; reactivate with Ctrl-A.
The orc warrior hits you with a +0 glaive!
* * * LOW HITPOINT WARNING * * *
You hit the orc warrior. You freeze the orc warrior.
The orc warrior is moderately wounded.
The orc warrior hits you with a +0 glaive.
* * * LOW HITPOINT WARNING * * *
You barely miss the orc warrior. Your headbutt misses the orc warrior.
The orc warrior is moderately wounded.
The orc warrior closely misses you. You furiously retaliate!
You headbutt the orc warrior, but do no damage.
The orc warrior hits you with a +0 glaive!
* * * LOW HITPOINT WARNING * * *
You closely miss the orc warrior.
The orc warrior is moderately wounded.
The orc warrior hits you with a +0 glaive!
You die... ▓▓▓▓▓▓▓▓▓▓▓▓▓▓▓▓▓▓▓▓▓▓ ____'.?).[....'[@o{Z.+ ▓▓▓▓▓▓▓▓▓▓▓▓▓▓▓▓▓▓▓▓▓▓

You could see an orc warrior and a quokka zombie.

Vanquished Creatures
  A steam dragon (D)
  An orc warrior (D)
  A phantom (D)
  A scorpion (D)
  An adder (D)
  An endoplasm (D)
  A hobgoblin (D)
  4 quokkas (D)
  A frilled lizard (D)
  A quokka zombie (D)
13 creatures vanquished.

Notes
Turn   | Place    | Note
-------+----------+-------------------------------------------
     0 | D        | 27snakeeyes612 the Minotaur Berserker began the quest for
                  | the Orb.
     0 | D        | Reached XP level 1. HP: 19/19 MP: 0/0
     7 | D        | Reached skill level 4 in Long Blades
     8 | D        | Reached ** piety under Trog
    65 | D        | Noticed a scorpion
    65 | D        | Noticed a phantom
    70 | D        | Reached skill level 5 in Fighting
    70 | D        | Reached skill level 5 in Long Blades
    70 | D        | Reached XP level 2. HP: 29/29 MP: 1/1
    75 | D        | Killed a scorpion
    75 | D        | Reached *** piety under Trog
    76 | D        | Reached skill level 7 in Long Blades
    76 | D        | Reached XP level 3. HP: 38/38 MP: 2/2
    76 | D        | Reached XP level 4. HP: 45/45 MP: 3/3
    79 | D        | Killed a phantom
    80 | D        | Reached skill level 8 in Long Blades
    80 | D        | Reached XP level 5. HP: 53/55 MP: 4/4
   111 | D        | Found a snail-covered altar of Cheibriados.
   111 | D        | Found a shadowy altar of Dithmenos.
   111 | D        | Found a white marble altar of Elyvilon.
   111 | D        | Found a blossoming altar of Fedhas.
   111 | D        | Found an opulent altar of Gozag.
   112 | D        | Found a hazy altar of Hepliaklqana.
   113 | D        | Found a viscous altar of Jiyva.
   114 | D        | Found an ancient bone altar of Kikubaaqudgha.
   115 | D        | Found a corrupted altar of Lugonu.
   116 | D        | Found a burning altar of Makhleb.
   117 | D        | Found a sparkling altar of Nemelex Xobeh.
   118 | D        | Found an iron altar of Okawaru.
   119 | D        | Found a stormy altar of Qazlal.
   120 | D        | Found a sacrificial altar of Ru.
   121 | D        | Found a shimmering blue altar of Sif Muna.
   122 | D        | Found a bloodstained altar of Trog.
   123 | D        | Found a hide-covered altar of Uskayaw.
   124 | D        | Found a radiant altar of Vehumet.
   125 | D        | Found an ornate altar of the Wu Jian Council.
   126 | D        | Found a shimmering altar of Xom.
   127 | D        | Found a basalt altar of Yredelemnul.
   128 | D        | Found a glowing silver altar of Zin.
   129 | D        | Found a glowing golden altar of the Shining One.
   179 | D        | Noticed a steam dragon
   179 | D        | Noticed an orc warrior
   179 | D        | Noticed an orc warrior
   181 | D        | Reached **** piety under Trog
   182 | D        | Reached skill level 9 in Long Blades
   189 | D        | Killed a steam dragon
   190 | D        | Reached skill level 10 in Long Blades
   190 | D        | Reached skill level 5 in Dodging
   190 | D        | Reached XP level 6. HP: 66/66 MP: 5/5
   193 | D        | Killed an orc warrior
   194 | D        | Reached skill level 10 in Fighting
   194 | D        | Reached skill level 11 in Long Blades
   194 | D        | Reached skill level 5 in Armour
   201 | D        | Mangled by an orc warrior

Illustrated notes

Levels and vault maps discovered:
D:        linesprint [early_d, line_temple, items_1, d_10, items_2, lair_1,
          lair_end, items_3, orc_1, orc_end, items_4, d_15, swamp_1, shoals_1,
          snake_1, spider_1, d_20, vaults_1, items_5, swamp_end, shoals_end,
          snake_end, spider_end, vaults_end, d_27, items_6, zot_1, zot_end,
          crypt_end, forest_end, elf_end, slime_end, tomb_end, abyss_end,
          pan_hell_end]

Skill      XL: |  1  2  3  4  5  6 |
---------------+-------------------+-----
Fighting       | 5 6 8 9 10 | 10.6
Long Blades    | 5 7 8 10 11 | 11.4
Armour         | 3 4 5 |  5.2
Dodging        | 3 4 5 |  5.4

Action                   |  1- 3 |  4- 6 || total
-------------------------+-------+-------++-------
Melee: Falchion          |    12 |     7 ||    19
       Headbutt          |     1 |     4 ||     5
       Scimitar          |       |    17 ||    17
Invok: Berserk           |     2 |     1 ||     3
       Trog's Hand       |       |     1 ||     1
Armor: Animal skin       |     3 |       ||     3
       Plate armour      |       |     5 ||     5
Dodge: Dodged            |     5 |    11 ||    16
       Rpst.: Falchion   |     2 |       ||     2

Table legend: (Time is in decaauts)
 A = Elapsed time spent in this place.
 B = Non-inter-level travel time spent in this place.
 C = Inter-level travel time spent in this place.
 D = Time resting spent in this place.
 E = Time spent auto-exploring this place.
 F = Levels seen in this place.
 G = Mean time per level.
                   A        B        C        D        E       F      G
               +--------+--------+--------+--------+--------+-----+--------+
         Total |    214 |    214 |      0 |     94 |      0 |   1 |  214.0 |
       Dungeon |    214 |    214 |      0 |     94 |      0 |   1 |  214.0 |
               +--------+--------+--------+--------+--------+-----+--------+

Top non-repeatable levels by time:
       D: 214 daAuts
